Map: Submarine LE

Players

INnoVation - Winner!

  • Race: Terran Terran
  • Spawn Location: 11:00

Neeb

  • Race: Protoss Protoss
  • Spawn Location: 5:00

Event: StayAtHomestory Cup #2

VOD

Have the link to the VOD?

Description

Time

  • Played on: June 12, 2020, 9:45 a.m.
  • Length: 6:03

All games in this series

Show
View Real Time Build Order
Export as new Build Order

INnoVation Terran - Winner!

Build Orders: Liberator Opening 

Get SALT Encoding   

  12  0:00  SCV  
  13  0:13  SCV  
  14  0:17  Supply Depot  
  14  0:25  SCV  
  15  0:38  SCV  
  15  0:40  Barracks  
  16  0:43  Refinery  
  16  0:50  SCV  
  17  1:03  SCV  
  18  1:15  SCV  
  19  1:26  Marine  
  19  1:27  Orbital Command  
  20  1:45  Barracks Reactor  
  20  1:49  Command Center  
  20  1:51  Supply Depot  
  20  1:55  SCV  
  21  2:07  SCV  
  22  2:08  Factory  
  22  2:19  SCV  
  22  2:21  Refinery, Marine  
  22  2:22  Marine  
  25  2:31  SCV  
  26  2:39  Marine x2  
  26  2:43  SCV  
  29  2:53  Widow Mine  
  29  2:54  Starport  
  31  3:01  SCV, Orbital Command, Marine x2  
  34  3:13  SCV  
  34  3:15  Widow Mine  
  34  3:19  Marine x2  
  39  3:24  Supply Depot  
  39  3:25  SCV  
  40  3:27  SCV  
  40  3:30  Medivac  
  42  3:37  Marine x2, Factory Tech Lab  
  43  3:45  SCV x2  
  43  3:46  Supply Depot  
  45  3:55  Marine x2  
  47  3:58  Siege Tank  
  47  4:01  SCV x2  
  51  4:05  Liberator  
  54  4:11  Supply Depot  
  54  4:12  Marine  
  54  4:13  Marine  
  54  4:14  SCV  
  54  4:15  SCV  
  58  4:21  Supply Depot  
  58  4:27  SCV x2  
  58  4:30  Marine x2  
  62  4:32  Siege Tank  
  62  4:34  Supply Depot  
  65  4:41  SCV x2  
  65  4:43  Supply Depot  
  65  4:51  Marine x2  
  65  4:56  SCV x2  
  65  4:57  Bunker  
  65  4:58  Starport Tech Lab  
  65  5:08  SCV x2, Siege Tank  
  65  5:09  Marine x2  
  72  5:18  Banshee, Barracks  
  72  5:19  Barracks  
  72  5:20  SCV  
  77  5:26  Marine  
  77  5:27  Marine  
  73  5:41  SCV  
  71  5:44  Marine x2  
Show
View Real Time Build Order
Export as new Build Order

Neeb Protoss 

Build Orders: 1 Gate Expand, Blink Stalkers 

Get SALT Encoding   

  12  0:00  Probe  
  13  0:12  Probe  
  14  0:17  Pylon  
  14  0:25  Probe  
  15  0:33  Probe  
  15  0:35  Gateway  
  15  0:41  Probe  
  16  0:48  Assimilator  
  17  0:51  Probe  
  18  1:03  Probe  
  19  1:15  Probe  
  20  1:22  Cybernetics Core  
  20  1:33  Nexus  
  20  1:38  Probe  
  21  1:42  Pylon  
  21  1:50  Probe  
  21  1:51  Adept  
  21  1:52  Assimilator  
  24  2:02  Probe  
  24  2:03  Warp Gate  
  25  2:10  Probe  
  26  2:18  Probe  
  26  2:21  Stalker  
  29  2:28  Probe  
  29  2:35  Twilight Council  
  30  2:40  Probe  
  31  2:47  Probe  
  32  2:52  Probe  
  32  2:55  Probe  
  33  3:00  Robotics Facility  
  33  3:02  Blink  
  33  3:04  Probe x2  
  36  3:16  Probe x2  
  38  3:20  Gateway  
  38  3:21  Gateway  
  38  3:28  Probe  
  38  3:29  Probe  
  40  3:40  Probe  
  40  3:41  Probe  
  41  3:48  Observer  
  41  3:51  Stalker, Gateway  
  41  3:52  Probe  
  41  3:53  Probe  
  45  3:56  Pylon  
  45  4:02  Pylon  
  45  4:03  Warp Prism  
  45  4:04  Probe  
  46  4:14  Probe  
  46  4:16  Stalker x2  
  53  4:19  Assimilator  
  53  4:21  Stalker  
  55  4:28  Shield Battery  
  55  4:32  Pylon  
  54  4:43  Stalker x2  
  54  4:44  Stalker  
  54  4:45  Probe  
  60  4:49  Probe  
  61  4:57  Probe  
  62  5:06  Stalker x2  
  67  5:09  Stalker  
  68  5:14  Stalker  
  68  5:17  Pylon  
  68  5:20  Probe, Assimilator  
  59  5:36  Pylon  
  59  5:38  Stalker x2  
Tags
 
Add a new tag
Caveats
  • Supply blocks, unpowered buildings, or Contaminate may cause inaccurate times.
  • Supply counts are checked every 10 seconds.